 Dungeon Crawl Stone Soup version 0.31-a0-4-gefa6de2278 (webtiles) character file.

Game seed: 4563083050052480036

443 Orangeyouglad the Trooper (level 7, -1/55 HPs)
             Began as a Human Monk on May 3, 2023.
             Slain by a gnoll
             ... wielding a +0 halberd
              (7 damage)
             ... on level 3 of the Dungeon.
             The game lasted 00:04:23 (2850 turns).

Orangeyouglad the Trooper (Human Monk)              Turns: 2850, Time: 00:04:24

Health: -1/55      AC:  6    Str: 11    XL:     7   Next: 23%
Magic:  16/16      EV: 12    Int: 17    God:
Gold:   170        SH:  0    Dex: 17    Spells: 6/6 levels left

rFire   . . .        a - +0 falchion
rCold   . . .        d - orb {light}
rNeg    . . .        g - +0 ring mail
rPois   .            (no helmet)
rElec   .            (no cloak)
rCorr   .            l - +0 pair of gloves
SInv    .            (no boots)
Will    .....        (no amulet) Stlth
                     e - ring of magical power
HPRegen 0.29/turn    p - +6 ring of intelligence
MPRegen 0.15/turn

%: no passive effects
@: confused, ambrosia-drunk, glowing
A: no striking features
a: no special abilities


You were on level 3 of the Dungeon.
You visited 1 branch of the dungeon, and saw 4 of its levels.

You collected 170 gold pieces.

Inventory:

Hand Weapons
 a - a +0 falchion (weapon)
 q - a +0 sling
 r - a +2 hand axe of flaming
Armour
 d - an orb of light (worn)
 g - a +0 ring mail (worn)
 l - a +0 pair of gloves (worn)
 v - a +0 buckler
Magical Staves
 o - a staff of conjuration
Jewellery
 e - a ring of magical power (left hand)
 p - a +6 ring of intelligence (right hand)
Scrolls
 b - a scroll of teleportation {unknown}
 h - a scroll of noise {unknown}
 j - 2 scrolls of poison {unknown}
 k - 9 scrolls of identify {unknown}
 m - 3 scrolls of enchant armour {unknown}
 t - 2 scrolls of blinking {unknown}
Potions
 f - 2 potions of mutation {unknown}
 i - a potion of might {unknown}
 n - 2 potions of curing {unknown}
 s - a potion of attraction {unknown}
 u - a potion of brilliance {unknown}


   Skills:
 + Level 4.8 Fighting
 + Level 4.8 Long Blades
 + Level 4.8 Dodging
 + Level 2.0 Shields


You had 6 spell levels left.
You didn't know any spells.
Your spell library was empty.

Dungeon Overview and Level Annotations

Branches:
Dungeon (4/15)
 Temple: D:4-7

Altars:


Message History

The gnoll hits you with a +0 club! The gnoll hits you with a +0 club.
The gnoll closely misses you.
You barely miss the gnoll.
The gnoll is moderately wounded.
The gnoll misses you.
The gnoll hits you from afar with a +0 halberd.
The gnoll misses you.
The gnoll rages.
The gnoll hits you with a +0 club!
You aren't carrying any items that you can evoke.
Unknown command.
Okay, then.
The gnoll hits you with a +0 club!
You are confused.
You feel invigorated. The gnoll closely misses you. x2
You closely miss the gnoll.
The gnoll is moderately wounded.
The gnoll closely misses you. x2; The gnoll barely misses you.
You bump into the rock wall.
The gnoll hits you with a +0 club. The gnoll completely misses you.
You slash the gnoll!
The gnoll is severely wounded.
The gnoll hits you with a +0 club.
The gnoll hits you from afar with a +0 halberd!
The gnoll hits you with a +0 club.
You bump into the rock wall.
The gnoll hits you but does no damage. The gnoll closely misses you.
You bump into the rock wall.
The gnoll hits you but does no damage.
The gnoll hits you from afar with a +0 halberd!
* * * LOW HITPOINT WARNING * * *
The gnoll hits you with a +0 club!
* * * LOW HITPOINT WARNING * * *
You slash the gnoll!
The gnoll is almost dead.
The gnoll closely misses you.
The gnoll hits you from afar with a +0 halberd!
* * * LOW HITPOINT WARNING * * *
You're too confused to move!
The gnoll closely misses you.
The gnoll hits you from afar with a +0 halberd!
You die...

#############
............#
.##########.#
.†....# #.# #####
.####.#####.###...#
..# #.............#
..# #.......###...#
..# ##.###..# ##@##
>.# #.# #..# #g#
..####.###..####g#
...............#.#
#..............#.#
.................#
.###......#...####
.# #..........# @#
#.#######.)#


You could see 2 gnolls.

Vanquished Creatures
  Sigmund (D:3)
  A sky beast (D:3)
  A howler monkey (D:3)
  2 gnolls (D:3)
  4 adders
  A worm (D:3)
  4 dart slugs
  2 orcs
  7 endoplasms
  4 giant cockroaches
  6 goblins
  8 hobgoblins
  6 jackals
  6 quokkas
  9 ball pythons
  3 bats
  A frilled lizard (D:2)
  11 kobolds
  5 rats
82 creatures vanquished.

Notes
Turn   | Place    | Note
-------+----------+-------------------------------------------
     0 | D:1      | Orangeyouglad the Human Monk began the quest for the Orb.
     0 | D:1      | Reached XP level 1. HP: 18/18 MP: 1/1
   405 | D:1      | Reached XP level 2. HP: 24/24 MP: 2/2
   633 | D:1      | Reached XP level 3. HP: 25/29 MP: 3/3
  1098 | D:2      | Found a faded altar of an unknown god.
  1305 | D:2      | Reached XP level 4. HP: 32/36 MP: 4/4
  2157 | D:3      | Reached XP level 5. HP: 42/42 MP: 5/5
  2257 | D:3      | Noticed Sigmund
  2599 | D:4      | Noticed a black bear
  2601 | D:4      | Noticed a sky beast
  2609 | D:4      | Noticed a phantom
  2624 | D:3      | Killed a sky beast
  2625 | D:3      | Reached skill level 1 in Shields
  2625 | D:3      | Reached XP level 6. HP: 28/49 MP: 6/6
  2636 | D:3      | Killed Sigmund
  2637 | D:3      | Reached XP level 7. HP: 30/55 MP: 7/7
  2849 | D:3      | HP: 2/55 [gnoll/+0 halberd (8)]
  2850 | D:3      | Slain by a gnoll

Illustrated notes

Levels and vault maps discovered:
D:1:      tarquinn_simple_flora_water_b, layout_basic
D:2:      minmay_razor_zed, layout_basic,
          shapermc_ecumenical_altar_mp_ritualfount
D:3:      minmay_recursive_quarters, layout_loops_ring, uniq_sigmund
D:4:      layout_loops_cross, serial_shops, nicolae_shop_drivethru,
          minmay_hedge_maze, st_stairs_9, minmay_goblin_kobold_house, uniq_pargi

Skill      XL: |  1  2  3  4  5  6 |
---------------+-------------------+-----
Long Blades    | 4 |  4.8
Fighting       | 4 |  4.8
Dodging        | 4 |  4.8
Shields        | 1 2 |  2.0

Action                     |  1- 3 |  4- 6 |  7- 9 || total
---------------------------+-------+-------+-------++-------
  Melee: Falchion          |    75 |   141 |    24 ||   240
  Evoke: Wand              |       |     5 |       ||     5
    Use: Potion            |       |       |     1 ||     1
   Stab: Sleeping          |     1 |       |       ||     1
 Armour: Robe              |     1 |       |       ||     1
         Ring mail         |    18 |    59 |     5 ||    82
  Dodge: Dodged            |    38 |    97 |    33 ||   168

Table legend: (Time is in decaauts)
 A = Elapsed time spent in this place.
 B = Non-inter-level travel time spent in this place.
 C = Inter-level travel time spent in this place.
 D = Time resting spent in this place.
 E = Time spent auto-exploring this place.
 F = Levels seen in this place.
 G = Mean time per level.
                   A        B        C        D        E       F      G
               +--------+--------+--------+--------+--------+-----+--------+
         Total |   2878 |   2714 |    164 |      0 |   1864 |   4 |  719.5 |
       Dungeon |   2878 |   2714 |    164 |      0 |   1864 |   4 |  719.5 |
               +--------+--------+--------+--------+--------+-----+--------+

Top non-repeatable levels by time:
     D:1: 1025 daAuts
     D:2: 993 daAuts
     D:3: 848 daAuts
     D:4: 11 daAuts
